AoeStats
← Csángó The Hánsz -HUN-

African Clearing

510829966Analyzed
2v2 RM · 23h ago on Oct 2, 2026· 50m 15s· 4 players
Game mode
Random Map
Map size
Medium (4 player)
Population
200
Speed
Normal
Resources
Standard
Victory
Conquest
Starting age
Dark Age
Ending age
Imperial Age
RankedLock teamsTeams togetherTeam positionsShared explorationLock speedFull tech treeHidden civsTurbo modeCheats
Victory
Defeat
🇨🇭 Mongols · Switzerland
1334
+14
🇨🇭 Tatars · Switzerland
1247
+18
🇬🇧 Varangians · United Kingdom
1320
-17
1271
-15
Zaphod
6:58 Loom
13:31 Feudal Age
17:23 Castle Age
15:27 Double-Bit Axe
16:23 Horse Collar
16:48 Fletching
19:53 Bow Saw
22:26 Bodkin Arrow
24:13 Padded Archer Armor
24:23 Heavy Plow
27:36 Leather Archer Armor
29:07 Wheelbarrow
31:30 Hand Cart
32:15 Bloodlines
32:05 Husbandry
35:59 Ballistics
35:31 Gold Mining
41:04 Imperial Age
39:18 Town Watch
40:52 Town Patrol
41:35 Gold Shaft Mining
40:59 Stone Mining
41:11 Town Patrol
41:13 Capped Ram
42:14 Drill
42:09 Bracer
42:18 Thumb Ring
42:47 Parthian Tactics
43:30 Murder Holes
44:36 Chemistry
43:50 Onager
43:58 Onager
45:51 Conscription
47:05 Siege Ram
47:19 Elite Mangudai
49:58 Siege Onager
WiTcH_DocTaH_88
10:59 Loom
13:05 Feudal Age
13:45 Double-Bit Axe
15:23 Bloodlines
31:07 Castle Age
29:08 Horse Collar
29:19 Gold Mining
31:17 Fletching
31:28 Padded Archer Armor
32:02 Bodkin Arrow
32:46 Bow Saw
35:55 Leather Archer Armor
36:04 Ballistics
39:14 Husbandry
43:04 Imperial Age
40:49 Town Watch
42:14 Wheelbarrow
43:10 Heavy Cavalry Archer
44:37 Conscription
44:22 Silk Armor
45:48 Bracer
49:22 Timurid Siegecraft
Csángó The Hánsz -HUN-
3:32 Loom
11:24 Feudal Age
12:03 Man-at-Arms
12:47 Long Swordsman
17:59 Arson
19:08 Double-Bit Axe
19:55 Horse Collar
20:08 Gold Mining
25:56 Castle Age
26:26 Stone Mining
29:30 Gold Shaft Mining
31:57 Wheelbarrow
33:49 Fletching
34:58 Gambesons
35:15 Squires
38:13 Bodkin Arrow
39:50 Gold Shaft Mining
39:37 Padded Archer Armor
41:34 Scale Mail Armor
45:58 Leather Archer Armor
Evil Squirrel
7:17 Loom
12:53 Feudal Age
13:56 Double-Bit Axe
18:15 Castle Age
19:12 Bow Saw
19:42 Squires
22:01 Fletching
22:11 Padded Archer Armor
23:06 Elite Skirmisher
30:12 Wheelbarrow
33:45 Scale Mail Armor
37:05 Horse Collar
38:25 Gambesons
39:19 Forging
39:46 Chain Mail Armor
40:55 Bloodlines
40:46 Husbandry
41:50 Iron Casting
41:09 Gold Mining
41:27 Heavy Plow
42:05 Scale Barding Armor
42:14 Vendel Legacy
43:21 Hand Cart
43:13 Stone Mining
47:19 Imperial Age
45:16 Chain Barding Armor
45:19 Light Cavalry
47:24 Cavalier
48:44 Plate Barding Armor
49:11 Blast Furnace
Connection lost

Rejoining the realm…

Still unreachable

The connection could not be restored.

Session expired

The server has moved on; the page needs a fresh start.